[Event "Skalica SCHAEFFLER Open 2019"]
[Site "Skalica"]
[Date "2019.08.28"]
[Round "5.9"]
[White "Delgerdalai, Bayarjavkhlan"]
[Black "Kozusnikova, Daniela"]
[Result "0-1"]
[ECO "C58"]
[WhiteElo "1460"]
[BlackElo "1235"]
[Annotator "NA"]
[PlyCount "79"]
[EventDate "2019.08.25"]
[EventType "swiss"]
[EventCountry "SVK"]
[SourceTitle "playchess.com"]
[Source "ChessBase"]
[SourceQuality "1"]
[TimeControl "40/5400+30:1800+30"]

1. e4 e5 2. Nf3 Nc6 3. Bc4 Nf6 4. Ng5 d5 5. exd5 Na5 6. Bb5+ c6 7. dxc6 bxc6 8. Bd3 Bc5 9. O-O O-O 10. Nc3 Qd4 11. Nf3 Qf4 12. Ne2 Qh6 13. Ng3 Re8 14. Be4 Nxe4 15. Nxe4 Bb6 16. d3 Qg6 17. Re1 Bd8 18. b4 Nb7 19. Bb2 Bg4 20. Kh1 f5 21. Ned2 e4 22. Rg1 Qh6 23. dxe4 fxe4 24. Qe1 Bc7 25. Ne5 Rxe5 26. Bxe5 Bxe5 27. g3 Bxa1 28. Qxe4 Qxd2 29. Qxg4 Bc3 30. Qe6+ Kh8 31. Qxc6 Rb8 32. Qc7 Rf8 33. Qxb7 Qxf2 34. Rg2 Qf6 35. a4 Bd4 36. h4 h5 37. Kh2 g5 38. Qd5 Be5 39. hxg5 Qxg5 40. Qe4 0-1

[Event "Skalica SCHAEFFLER Open 2019"]
[Site "Skalica"]
[Date "2019.08.28"]
[Round "5.10"]
[White "Gres, Michal"]
[Black "Dubanova, Kristina"]
[Result "1-0"]
[ECO "C50"]
[WhiteElo "1410"]
[BlackElo "1048"]
[Annotator "NA"]
[PlyCount "105"]
[EventDate "2019.08.25"]
[EventType "swiss"]
[EventCountry "SVK"]
[SourceTitle "playchess.com"]
[Source "ChessBase"]
[SourceQuality "1"]
[TimeControl "40/5400+30:1800+30"]

1. e4 e5 2. Nf3 Nc6 3. Bc4 Nf6 4. d3 Bc5 5. O-O d6 6. Re1 Bg4 7. Nbd2 Ne7 8. h3 Bd7 9. Nf1 Ng6 10. Ng3 h6 11. Nf5 Rh7 12. Nxg7+ Rxg7 13. Bxh6 Rg8 14. Ng5 Nh8 15. Qd2 Qe7 16. b4 Bb6 17. Rf1 O-O-O 18. Kh1 Rg6 19. a4 c6 20. a5 Bc7 21. Nf3 d5 22. exd5 cxd5 23. Bb3 Qd6 24. Be3 Rg7 25. c4 d4 26. Bg5 Re8 27. c5 Qe7 28. Rfe1 Bc6 29. Nxd4 Qd8 30. Nxc6 bxc6 31. Bh6 Rh7 32. Bg5 Rg8 33. h4 Ng6 34. g3 Qe7 35. d4 Rd8 36. Qb2 Rxd4 37. Qxd4 exd4 38. Rxe7 Nxe7 39. Bxf6 Nf5 40. Bc2 Rh5 41. Bxf5+ Rxf5 42. Bxd4 Rf3 43. Kg2 Rb3 44. h5 Rxb4 45. Bf6 Re4 46. h6 Be5 47. Bxe5 Rxe5 48. g4 Re8 49. g5 Rh8 50. Rd1 Kb7 51. Kg3 Kc7 52. a6 Rg8 53. Kg4 1-0

[Event "Skalica SCHAEFFLER Open 2019"]
[Site "Skalica"]
[Date "2019.08.29"]
[Round "6.1"]
[White "Vlcek, Antonin"]
[Black "Krupnova, Anna"]
[Result "1/2-1/2"]
[ECO "B12"]
[WhiteElo "1686"]
[BlackElo "1712"]
[Annotator "NA"]
[PlyCount "95"]
[EventDate "2019.08.25"]
[EventType "swiss"]
[EventCountry "SVK"]
[SourceTitle "playchess.com"]
[Source "ChessBase"]
[SourceQuality "1"]
[TimeControl "40/5400+30:1800+30"]

1. e4 c6 2. d4 d5 3. e5 c5 4. Nf3 Bg4 5. Bb5+ Nd7 6. dxc5 e6 7. Be3 Rc8 8. b4 Ne7 9. h3 Bxf3 10. Qxf3 Nc6 11. Bxc6 Rxc6 12. Qg3 f6 13. f4 d4 14. Bxd4 Nxe5 15. c3 Nf7 16. O-O Nh6 17. Qf3 Nf5 18. Bf2 Be7 19. Na3 O-O 20. Rad1 Qc8 21. g4 Nh6 22. Nb5 Ra6 23. a3 Nf7 24. c4 e5 25. fxe5 Nxe5 26. Qd5+ Kh8 27. Nd6 Bxd6 28. cxd6 Qd7 29. Bg3 Ng6 30. Rd3 Re8 31. c5 h6 32. Qf5 Nf8 33. Qxd7 Nxd7 34. Re1 Rxe1+ 35. Bxe1 Kg8 36. Bg3 Kf8 37. Re3 Ra4 38. Kg2 a5 39. Re7 axb4 40. Rxd7 bxa3 41. Be1 a2 42. Rd8+ Kf7 43. Bc3 Rc4 44. Rd7+ Ke8 45. Re7+ Kf8 46. Ba1 Rc1 47. Bd4 Rc4 48. Ba1 1/2-1/2

[Event "Skalica SCHAEFFLER Open 2019"]
[Site "Skalica"]
[Date "2019.08.29"]
[Round "6.2"]
[White "Kastler, Peter"]
[Black "Podskubka, Ondrej"]
[Result "1-0"]
[ECO "E14"]
[WhiteElo "1724"]
[BlackElo "1684"]
[Annotator "NA"]
[PlyCount "120"]
[EventDate "2019.08.25"]
[EventType "swiss"]
[EventCountry "SVK"]
[SourceTitle "playchess.com"]
[Source "ChessBase"]
[SourceQuality "1"]
[TimeControl "40/5400+30:1800+30"]

1. d4 Nf6 2. c4 e6 3. Nf3 b6 4. e3 Ba6 5. Be2 Be7 6. Nc3 O-O 7. O-O d5 8. cxd5 Bxe2 9. Qxe2 exd5 10. b3 Nbd7 11. Bb2 c5 12. Rac1 Qb8 13. Rfd1 Qb7 14. Ba3 Rac8 15. Na4 Ne4 16. dxc5 Ndxc5 17. Nxc5 bxc5 18. Nd2 Nxd2 19. Rxd2 d4 20. Rdc2 dxe3 21. Qxe3 Qa6 22. Bxc5 Bxc5 23. Rxc5 Rxc5 24. Rxc5 Qxa2 25. g3 g6 26. b4 Qb1+ 27. Rc1 Qxb4 28. Qxa7 Qd2 29. Qc5 Rd8 30. h4 h5 31. Kg2 Kg7 32. Qc3+ Qxc3 33. Rxc3 Rd4 34. Kf3 Ra4 35. Re3 Kf6 36. Re4 Rxe4 37. Kxe4 Ke6 38. f3 f6 39. Kf4 Ke7 40. g4 Ke6 41. gxh5 gxh5 42. Ke4 f5+ 43. Kd4 Kd6 44. f4 Ke6 45. Kc5 Ke7 46. Kd5 Kf6 47. Kd6 Kf7 48. Ke5 Kg6 49. Ke6 Kg7 50. Kxf5 Kh6 51. Kf6 Kh7 52. Kg5 Kg7 53. Kxh5 Kf6 54. Kg4 Kg6 55. h5+ Kf6 56. f5 Kg7 57. Kg5 Kf7 58. f6 Kg8 59. Kf5 Kh7 60. Ke6 Kg8 1-0

[Event "Skalica SCHAEFFLER Open 2019"]
[Site "Skalica"]
[Date "2019.08.29"]
[Round "6.3"]
[White "Londin, Lukas Vojtech"]
[Black "Tutkova, Ludmila"]
[Result "1-0"]
[ECO "C56"]
[WhiteElo "1415"]
[BlackElo "1085"]
[Annotator "NA"]
[PlyCount "48"]
[EventDate "2019.08.25"]
[EventType "swiss"]
[EventCountry "SVK"]
[SourceTitle "playchess.com"]
[Source "ChessBase"]
[SourceQuality "1"]
[TimeControl "40/5400+30:1800+30"]

1. e4 e5 2. Nf3 Nc6 3. d4 exd4 4. Bc4 Nf6 5. e5 Nxe5 6. Nxe5 Qe7 7. Qe2 d5 8. Bb5+ c6 9. Nxc6 Qxe2+ 10. Kxe2 bxc6 11. Bxc6+ Kd8 12. Bxa8 Kc7 13. Bf4+ Kb6 14. Rd1 Ba6+ 15. Ke1 Bc5 16. a3 Rxa8 17. b4 Re8+ 18. Kd2 Ne4+ 19. Kc1 Be7 20. f3 Nd6 21. Nd2 Nf5 22. Be5 f6 23. Bg3 Ne3 24. Be5 f5 1-0

[Event "Skalica SCHAEFFLER Open 2019"]
[Site "Skalica"]
[Date "2019.08.29"]
[Round "6.4"]
[White "Gres, Michal"]
[Black "Polozov Yaroslavl"]
[Result "0-1"]
[ECO "B12"]
[WhiteElo "1410"]
[BlackElo "1000"]
[Annotator "NA"]
[PlyCount "58"]
[EventDate "2019.08.25"]
[EventType "swiss"]
[EventCountry "SVK"]
[SourceTitle "playchess.com"]
[Source "ChessBase"]
[SourceQuality "1"]
[TimeControl "40/5400+30:1800+30"]

1. e4 c6 2. d4 d5 3. e5 Bf5 4. Bd3 Bxd3 5. Qxd3 e6 6. Ne2 c5 7. dxc5 Nc6 8. Be3 Qc7 9. f4 Nge7 10. Nbc3 Nf5 11. Bf2 Be7 12. g4 Nh6 13. h3 g5 14. Bg3 O-O-O 15. O-O-O Na5 16. b4 Nc4 17. Nd4 a6 18. f5 Qd7 19. f6 Bf8 20. Nb3 Qc7 21. Rhe1 Kb8 22. Nd2 Na3 23. Nxd5 Rxd5 24. Qxa3 Bxc5 25. bxc5 Rxc5 26. Qb3 Rc3 27. Qb4 Rxg3 28. Nc4 Rc8 29. Ne3 Rxe3 0-1

[Event "Skalica SCHAEFFLER Open 2019"]
[Site "Skalica"]
[Date "2019.08.29"]
[Round "6.5"]
[White "Vach, Jozef"]
[Black "Kozusnik, Roman"]
[Result "1-0"]
[ECO "D02"]
[WhiteElo "1722"]
[BlackElo "1231"]
[Annotator "NA"]
[PlyCount "63"]
[EventDate "2019.08.25"]
[EventType "swiss"]
[EventCountry "SVK"]
[SourceTitle "playchess.com"]
[Source "ChessBase"]
[SourceQuality "1"]
[TimeControl "40/5400+30:1800+30"]

1. d4 d5 2. Nf3 Nf6 3. b3 Bg4 4. Ne5 Nbd7 5. Bb2 e6 6. Nd2 c6 7. Nxg4 Nxg4 8. e3 Ndf6 9. Be2 Nh6 10. O-O Bd6 11. c4 b6 12. Rc1 c5 13. cxd5 exd5 14. Bb5+ Kf8 15. Nf3 g5 16. dxc5 bxc5 17. Nxg5 Rg8 18. Bxf6 Qxf6 19. Nxh7+ Ke7 20. Nxf6 Kxf6 21. Be2 Rh8 22. h3 Rag8 23. Qxd5 Nf5 24. Bg4 Rxg4 25. Qf3 Rg5 26. e4 Kg7 27. exf5 a5 28. g4 Kf6 29. Rfe1 Kg7 30. Qc3+ f6 31. Re6 Rh6 32. Rxd6 1-0

[Event "Skalica SCHAEFFLER Open 2019"]
[Site "Skalica"]
[Date "2019.08.29"]
[Round "6.6"]
[White "Kozusnikova, Daniela"]
[Black "Londin, Martin"]
[Result "0-1"]
[ECO "C47"]
[WhiteElo "1235"]
[BlackElo "1930"]
[Annotator "NA"]
[PlyCount "92"]
[EventDate "2019.08.25"]
[EventType "swiss"]
[EventCountry "SVK"]
[SourceTitle "playchess.com"]
[Source "ChessBase"]
[SourceQuality "1"]
[TimeControl "40/5400+30:1800+30"]

1. e4 e5 2. Nf3 Nc6 3. Nc3 Nf6 4. d4 exd4 5. Nxd4 Bc5 6. Nxc6 bxc6 7. Bg5 h6 {[%emt 0:00:29] C47: Scotch Four Knights and Four Knights with 4 g3} 8. Bh4 Qe7 9. Qf3 (9. Bd3 Rb8 10. O-O d6 11. Na4 Bb6 12. Nxb6 Rxb6 13. f4 O-O 14. Qc1 Qe6 15. e5 dxe5 16. fxe5 {0-1 (67) Arutyunova,D (2227)-Khademalsharieh,S (2470) St Petersburg 2018}) 9... Bd4 $146 ({Predecessor:} 9... g5 10. Bg3 d6 11. h3 a5 12. Bd3 Be6 13. O-O g4 14. hxg4 Bxg4 15. Qf4 {½-½ (59) Mbusnoum,H-Ould Taleb,M Khanty-Mansiysk 2010}) 10. Bd3 d6 11. O-O Bg4 12. Bxf6 Qe6 13. Qf4 Bxf6 14. Rfe1 (14. h3 $14 Bh5 15. e5 dxe5 16. Qb4) 14... Bg5 15. Qg3 Bd2 16. Rf1 g5 17. f3 Be3+ 18. Kh1 Bh5 19. Rfe1 Bd2 20. Re2 Bf4 21. Qe1 Qe5 (21... Qf6 $11) 22. g4 ({White should play} 22. Nd5 $14 O-O 23. Nxf4 gxf4 24. Rd1) 22... Bg6 23. h3 h5 24. Kg2 hxg4 25. fxg4 Kd7 26. Rb1 Rh4 27. b4 $2 (27. Nd1) 27... Rah8 28. b5 c5 29. Nd5 Rxh3 30. Qc3 Rh2+ 31. Kf1 Rh1+ 32. Kg2 R8h2+ 33. Kf3 Rh3+ 34. Kg2 R1h2+ 35. Kf1 {[%emt 0:00:24] [#]} Rf3+ (35... Be3 $142 $1 36. Rg2 (36. Nxe3 Rh1+) 36... Rf3+ 37. Ke1 Qxc3+ 38. Nxc3 Rxg2 39. Nd5 Bd2+ 40. Kd1 Rff2 41. c4 Bf4 42. Ke1 Bg3 43. Nf6+ Ke6 44. Be2 Rxe2+ {[%mdl 64] Double Attack} 45. Kf1 Ref2+ {[%mdl 64] Double Attack} 46. Ke1 Rg1#) 36. Kg1 Rg3+ {[%emt 0:05:16] Double Attack} 37. Kf1 Rh1+ 38. Kf2 Rh2+ 39. Kf1 Rh1+ 40. Kf2 Rxb1 $19 41. Qxe5 Bxe5 42. Nf6+ Kd8 43. Nd5 Rbg1 44. a4 Bd4+ 45. Ne3 Rxg4 46. Kf3 Rf4# 0-1

[Event "Skalica SCHAEFFLER Open 2019"]
[Site "Skalica"]
[Date "2019.08.29"]
[Round "6.7"]
[White "Kanak, Matyas"]
[Black "Novomesky Roman"]
[Result "1/2-1/2"]
[ECO "C01"]
[WhiteElo "1540"]
[BlackElo "1000"]
[Annotator "NA"]
[PlyCount "37"]
[EventDate "2019.08.25"]
[EventType "swiss"]
[EventCountry "SVK"]
[SourceTitle "playchess.com"]
[Source "ChessBase"]
[SourceQuality "1"]
[TimeControl "40/5400+30:1800+30"]

1. e4 e6 2. d4 d5 3. exd5 exd5 4. c4 Nf6 5. Nc3 Bb4 6. Bg5 Be6 7. cxd5 Bxd5 8. Nf3 Bxf3 9. Qxf3 Qxd4 10. Bxf6 gxf6 11. Rd1 Qe5+ 12. Be2 Bxc3+ 13. bxc3 Nd7 14. O-O O-O-O 15. Rfe1 Qa5 16. Rb1 c6 17. Qh3 Kc7 18. Bc4 Ne5 19. Bb3 1/2-1/2

[Event "Skalica SCHAEFFLER Open 2019"]
[Site "Skalica"]
[Date "2019.08.29"]
[Round "6.8"]
[White "Hrdlicka, Martin"]
[Black "Romanova, Ela"]
[Result "1-0"]
[ECO "B34"]
[WhiteElo "1661"]
[BlackElo "1337"]
[Annotator "NA"]
[PlyCount "66"]
[EventDate "2019.08.25"]
[EventType "swiss"]
[EventCountry "SVK"]
[SourceTitle "playchess.com"]
[Source "ChessBase"]
[SourceQuality "1"]
[TimeControl "40/5400+30:1800+30"]

1. e4 c5 2. Nf3 Nc6 3. d4 cxd4 4. Nxd4 Nf6 5. Nc3 g6 6. Be3 Bg7 7. Be2 Qa5 8. Nb3 Qd8 9. Qd2 d6 10. f3 Be6 11. Bh6 O-O 12. O-O-O a6 13. g4 Nd7 14. h4 f6 15. Bxg7 Kxg7 16. g5 f5 17. Nd4 Nc5 18. h5 Bd7 19. hxg6 hxg6 20. exf5 Bxf5 21. Nxf5+ gxf5 22. Rh6 Rh8 23. Rg1 Qd7 24. Nd5 Raf8 25. Qc3+ e5 26. f4 Ne4 27. Qh3 Qd8 28. Nf6 Nxf6 29. gxf6+ Kf7 30. Rg7+ Ke6 31. Qb3+ d5 32. Rxh8 Rxh8 33. Qxb7 Kxf6 1-0

[Event "Skalica SCHAEFFLER Open 2019"]
[Site "Skalica"]
[Date "2019.08.29"]
[Round "6.9"]
[White "Ralbovsky, Milan"]
[Black "Benci, Rudolf"]
[Result "0-1"]
[ECO "B30"]
[WhiteElo "1340"]
[BlackElo "1635"]
[Annotator "NA"]
[PlyCount "62"]
[EventDate "2019.08.25"]
[EventType "swiss"]
[EventCountry "SVK"]
[SourceTitle "playchess.com"]
[Source "ChessBase"]
[SourceQuality "1"]
[TimeControl "40/5400+30:1800+30"]

1. e4 c5 2. c4 Nc6 3. Nf3 d6 4. d3 e5 5. g3 Be7 6. Bg2 Bg4 7. Qb3 Qd7 8. a3 Nf6 9. Nc3 O-O 10. h4 Nd4 11. Nxd4 cxd4 12. Nd5 Nxd5 13. exd5 f5 14. Bg5 f4 15. gxf4 exf4 16. Be4 h6 17. Bxe7 Qxe7 18. f3 Bxf3 19. Rg1 Bxe4 20. O-O-O Bf5 21. Rdf1 Bh3 22. Rf3 Bf5 23. Qc2 b5 24. Qd2 Qxh4 25. Rxf4 Qh3 26. Rxd4 bxc4 27. dxc4 Bh7 28. Rdg4 Rf1+ 29. Rxf1 Qxf1+ 30. Qd1 Qf5 31. Qd4 Qc2# 0-1

[Event "Skalica SCHAEFFLER Open 2019"]
[Site "Skalica"]
[Date "2019.08.29"]
[Round "6.10"]
[White "Visvader, Kristof"]
[Black "Bartos, Bohumil"]
[Result "1-0"]
[ECO "B18"]
[WhiteElo "1389"]
[BlackElo "1548"]
[Annotator "NA"]
[PlyCount "105"]
[EventDate "2019.08.25"]
[EventType "swiss"]
[EventCountry "SVK"]
[SourceTitle "playchess.com"]
[Source "ChessBase"]
[SourceQuality "1"]
[TimeControl "40/5400+30:1800+30"]

1. e4 c6 2. d4 d5 3. Nc3 dxe4 4. Nxe4 Bf5 5. f3 e6 6. g3 h6 7. Be3 Nd7 8. Bg2 Ngf6 9. Ne2 Nd5 10. Qd2 Be7 11. a3 Nxe3 12. Qxe3 O-O 13. N2c3 Nf6 14. f4 Nd5 15. Qf2 Qa5 16. Qd2 Rfd8 17. Nxd5 Qxd2+ 18. Kxd2 cxd5 19. Nf2 Rac8 20. c3 a6 21. g4 Bg6 22. h4 Bh7 23. h5 Rc7 24. Nh3 f6 25. Rag1 Kf7 26. g5 fxg5 27. fxg5 hxg5 28. Bf3 Rg8 29. Nxg5+ Bxg5+ 30. Rxg5 Ke8 31. Re1 Bf5 32. Bg4 Bxg4 33. Rxg4 Re7 34. Rg6 Kf7 35. Rf1+ Ke8 36. Rfg1 Rh8 37. Rxg7 Rxg7 38. Rxg7 Rxh5 39. Rxb7 Rh2+ 40. Kc1 Rh1+ 41. Kc2 Kd8 42. Kb3 Kc8 43. Ra7 Kb8 44. Rxa6 Rh6 45. Kb4 Kb7 46. Kb5 Kc7 47. Rc6+ Kd7 48. a4 Rh2 49. b4 Rh8 50. a5 Rb8+ 51. Rb6 Rh8 52. a6 Rc8 53. a7 1-0

[Event "Skalica SCHAEFFLER Open 2019"]
[Site "Skalica"]
[Date "2019.08.29"]
[Round "7.1"]
[White "Krupnova, Anna"]
[Black "Londin, Lukas Vojtech"]
[Result "1-0"]
[ECO "B00"]
[WhiteElo "1712"]
[BlackElo "1415"]
[Annotator "NA"]
[PlyCount "63"]
[EventDate "2019.08.25"]
[EventType "swiss"]
[EventCountry "SVK"]
[SourceTitle "playchess.com"]
[Source "ChessBase"]
[SourceQuality "1"]
[TimeControl "40/5400+30:1800+30"]

1. e4 b6 2. d4 e6 3. Nf3 Bb7 4. Bd3 Nf6 5. Nbd2 c5 6. c3 d5 7. e5 Nfd7 8. O-O Ba6 9. Bxa6 Nxa6 10. Qe2 Nab8 11. c4 dxc4 12. Qe4 Na6 13. d5 exd5 14. Qxd5 Nc7 15. Qxc4 Be7 16. Qg4 O-O 17. Ne4 Ne6 18. b3 Kh8 19. Bb2 Qc7 20. Rfe1 Rad8 21. h4 h6 22. Nd6 Nxe5 23. Nxf7+ Rxf7 24. Nxe5 Rf6 25. Ng6+ Rxg6 26. Qxg6 Nd4 27. Rac1 Bf6 28. Re8+ Rxe8 29. Qxe8+ Kh7 30. Qe4+ Kh8 31. Bxd4 Bxd4 32. Qxd4 1-0

[Event "Skalica SCHAEFFLER Open 2019"]
[Site "Skalica"]
[Date "2019.08.29"]
[Round "7.2"]
[White "Polozov Yaroslavl"]
[Black "Vlcek, Antonin"]
[Result "1-0"]
[ECO "E53"]
[WhiteElo "1000"]
[BlackElo "1686"]
[Annotator "NA"]
[PlyCount "28"]
[EventDate "2019.08.25"]
[EventType "swiss"]
[EventCountry "SVK"]
[SourceTitle "playchess.com"]
[Source "ChessBase"]
[SourceQuality "1"]
[TimeControl "40/5400+30:1800+30"]

1. d4 Nf6 2. c4 e6 3. Nc3 Bb4 4. Nf3 O-O 5. e3 c5 6. Bd3 d5 7. Ne5 dxc4 8. Bxc4 cxd4 9. exd4 b5 10. Be2 Bb7 11. O-O a6 12. f4 Nc6 13. Bf3 Qc7 14. g4 h6 1-0

[Event "Skalica SCHAEFFLER Open 2019"]
[Site "Skalica"]
[Date "2019.08.29"]
[Round "7.3"]
[White "Podskubka, Ondrej"]
[Black "Visvader, Kristof"]
[Result "1-0"]
[ECO "D02"]
[WhiteElo "1684"]
[BlackElo "1389"]
[Annotator "NA"]
[PlyCount "25"]
[EventDate "2019.08.25"]
[EventType "swiss"]
[EventCountry "SVK"]
[SourceTitle "playchess.com"]
[Source "ChessBase"]
[SourceQuality "1"]
[TimeControl "40/5400+30:1800+30"]

1. d4 d5 2. Bf4 Nf6 3. e3 e6 4. Nf3 Nbd7 5. Bd3 c6 6. h3 Qb6 7. b3 Qb4+ 8. c3 h6 9. Nfd2 Be7 10. Qc2 g5 11. O-O g4 12. Be5 Rg8 13. hxg4 1-0

[Event "Skalica SCHAEFFLER Open 2019"]
[Site "Skalica"]
[Date "2019.08.29"]
[Round "7.4"]
[White "Novomeska, Karin"]
[Black "Hrdlicka, Martin"]
[Result "1/2-1/2"]
[ECO "D35"]
[WhiteElo "1269"]
[BlackElo "1661"]
[Annotator "NA"]
[PlyCount "37"]
[EventDate "2019.08.25"]
[EventType "swiss"]
[EventCountry "SVK"]
[SourceTitle "playchess.com"]
[Source "ChessBase"]
[SourceQuality "1"]
[TimeControl "40/5400+30:1800+30"]

1. d4 d5 2. c4 c6 3. Nc3 Nf6 4. Nf3 e6 5. Bg5 Be7 6. e3 O-O 7. cxd5 exd5 8. Be2 Bf5 9. O-O h6 10. Bf4 Nbd7 11. Rc1 Re8 12. Qb3 Nb6 13. Na4 Ne4 14. Nc5 Qc8 15. Nxe4 dxe4 16. Nd2 Nd5 17. Bg3 Bb4 18. Nc4 Bg4 19. Bxg4 1/2-1/2

[Event "Skalica SCHAEFFLER Open 2019"]
[Site "Skalica"]
[Date "2019.08.29"]
[Round "7.5"]
[White "Londin, Martin"]
[Black "Vach, Jozef"]
[Result "0-1"]
[ECO "C50"]
[WhiteElo "1930"]
[BlackElo "1722"]
[Annotator "NA"]
[PlyCount "40"]
[EventDate "2019.08.25"]
[EventType "swiss"]
[EventCountry "SVK"]
[SourceTitle "playchess.com"]
[Source "ChessBase"]
[SourceQuality "1"]
[TimeControl "40/5400+30:1800+30"]

1. e4 e5 2. Nf3 Nc6 3. d4 exd4 4. Bc4 Be7 5. c3 d6 6. cxd4 Nf6 7. Nc3 O-O 8. O-O h6 9. h3 a6 10. a4 Nxe4 11. Nxe4 d5 12. Bxd5 Qxd5 13. Nc3 Qd6 14. Re1 Bf5 15. d5 Nb4 16. Nd4 Bg6 17. Ra3 Bf6 18. Nde2 Be5 19. f4 Bf6 20. Be3 Nc2 0-1

[Event "Skalica SCHAEFFLER Open 2019"]
[Site "Skalica"]
[Date "2019.08.29"]
[Round "7.6"]
[White "Novomesky Roman"]
[Black "Vozarova, Adriana"]
[Result "1/2-1/2"]
[ECO "A84"]
[WhiteElo "1000"]
[BlackElo "1647"]
[Annotator "NA"]
[PlyCount "24"]
[EventDate "2019.08.25"]
[EventType "swiss"]
[EventCountry "SVK"]
[SourceTitle "playchess.com"]
[Source "ChessBase"]
[SourceQuality "1"]
[TimeControl "40/5400+30:1800+30"]

1. d4 d5 2. c4 e6 3. Nc3 c6 4. Nf3 f5 5. Bf4 Nf6 6. e3 Be7 7. Be2 O-O 8. O-O Nbd7 9. c5 Ne4 10. Nxe4 dxe4 11. Nd2 g5 12. h4 h6 1/2-1/2

[Event "Skalica SCHAEFFLER Open 2019"]
[Site "Skalica"]
[Date "2019.08.29"]
[Round "7.7"]
[White "Benci, Rudolf"]
[Black "Matusina, Miroslav"]
[Result "0-1"]
[ECO "A45"]
[WhiteElo "1635"]
[BlackElo "1644"]
[Annotator "NA"]
[PlyCount "165"]
[EventDate "2019.08.25"]
[EventType "swiss"]
[EventCountry "SVK"]
[SourceTitle "playchess.com"]
[Source "ChessBase"]
[SourceQuality "1"]
[TimeControl "40/5400+30:1800+30"]

1. d4 e6 2. Bf4 Nf6 3. e3 d6 4. c3 Nbd7 5. Nf3 Nd5 6. Bg3 N7f6 7. Nbd2 Be7 8. e4 Nb6 9. Bd3 h6 10. e5 dxe5 11. Nxe5 O-O 12. O-O Nbd7 13. f4 c5 14. Ndf3 Nh5 15. Qe1 Nxg3 16. hxg3 cxd4 17. Nxd4 Nf6 18. Kh1 a6 19. Rd1 Qa5 20. a3 Bd7 21. Nc2 Rae8 22. b4 Qc7 23. c4 Ba4 24. Rd2 Bd6 25. Nd4 Rd8 26. Ndf3 Bc6 27. g4 Bxf3 28. gxf3 a5 29. c5 Bxe5 30. fxe5 Nh7 31. Qe4 g6 32. Rh2 Ng5 33. Qe3 Kg7 34. f4 Rxd3 35. Qxd3 Qc6+ 36. Kg1 Qe4 37. Qxe4 Nxe4 38. Rd1 axb4 39. axb4 Ra8 40. Rb2 Nc3 41. Rc1 Nd5 42. f5 Ne3 43. f6+ Kh7 44. c6 bxc6 45. Rxc6 Nxg4 46. Rc5 g5 47. Kg2 h5 48. Ra5 Rd8 49. Re2 Rd3 50. Rc5 Rb3 51. b5 h4 52. Rc7 Kg6 53. Rc1 Rxb5 54. Rce1 Rb3 55. Rh1 Ne3+ 56. Kf2 Nf5 57. Rd1 g4 58. Rd8 Nh6 59. Kg2 h3+ 60. Kh2 Rf3 61. Ra8 Rf5 62. Kg3 Rf3+ 63. Kh2 Kg5 64. Rh8 Nf5 65. Rg8+ Kf4 66. Rg7 Nh6 67. Rh7 Kg5 68. Rg7+ Kh4 69. Rh7 g3+ 70. Kg1 Kg5 71. Rg7+ Kf4 72. Rh7 Rb3 73. Re1 Kg5 74. Rg7+ Kh5 75. Rh7 Rf3 76. Kh1 Ra3 77. Kg1 Ra2 78. Kh1 Kg5 79. Rg7+ Kf4 80. Rh7 Ng4 81. Rxf7 Nxe5 82. Rh7 g2+ 83. Kh2 0-1

[Event "Skalica SCHAEFFLER Open 2019"]
[Site "Skalica"]
[Date "2019.08.29"]
[Round "7.8"]
[White "Kozusnik, Roman"]
[Black "Kanak, Matyas"]
[Result "1/2-1/2"]
[ECO "E32"]
[WhiteElo "1231"]
[BlackElo "1540"]
[Annotator "NA"]
[PlyCount "22"]
[EventDate "2019.08.25"]
[EventType "swiss"]
[EventCountry "SVK"]
[SourceTitle "playchess.com"]
[Source "ChessBase"]
[SourceQuality "1"]
[TimeControl "40/5400+30:1800+30"]

1. d4 Nf6 2. c4 e6 3. Nc3 Bb4 4. Qd3 O-O 5. Bg5 d6 6. a3 Bxc3+ 7. Qxc3 Nbd7 8. e4 h6 9. Bxf6 Qxf6 10. Bd3 c5 11. Ne2 Kh8 1/2-1/2

[Event "Skalica SCHAEFFLER Open 2019"]
[Site "Skalica"]
[Date "2019.08.29"]
[Round "7.9"]
[White "Delgerdalai, Bayarjavkhlan"]
[Black "Drabek, Martin"]
[Result "1/2-1/2"]
[ECO "D11"]
[WhiteElo "1460"]
[BlackElo "1381"]
[Annotator "NA"]
[PlyCount "66"]
[EventDate "2019.08.25"]
[EventType "swiss"]
[EventCountry "SVK"]
[SourceTitle "playchess.com"]
[Source "ChessBase"]
[SourceQuality "1"]
[TimeControl "40/5400+30:1800+30"]

1. d4 d5 2. Nf3 Bg4 3. e3 e6 4. c4 Nf6 5. b3 Nbd7 6. Nbd2 c6 7. Bd3 Bd6 8. O-O O-O 9. Bb2 Bb4 10. Qc2 h6 11. Ne5 Nxe5 12. dxe5 Nd7 13. f4 Rc8 14. Nf3 Nc5 15. Bh7+ Kh8 16. a3 Ne4 17. Bxe4 dxe4 18. Qxe4 Bc5 19. Nd4 a6 20. Rf2 Qe7 21. Rd2 Rcd8 22. b4 Bxd4 23. exd4 Bf5 24. Qe3 Rd7 25. Qc3 Rfd8 26. a4 Qh4 27. Rf1 Qg4 28. Qg3 Qxg3 29. hxg3 b6 30. Rdf2 b5 31. c5 Rb8 32. a5 Rbd8 33. Re1 Kg8 1/2-1/2

[Event "Skalica SCHAEFFLER Open 2019"]
[Site "Skalica"]
[Date "2019.08.29"]
[Round "7.10"]
[White "Sefcik, Oliver"]
[Black "Gres, Michal"]
[Result "0-1"]
[ECO "C42"]
[WhiteElo "1198"]
[BlackElo "1410"]
[Annotator "NA"]
[PlyCount "60"]
[EventDate "2019.08.25"]
[EventType "swiss"]
[EventCountry "SVK"]
[SourceTitle "playchess.com"]
[Source "ChessBase"]
[SourceQuality "1"]
[TimeControl "40/5400+30:1800+30"]

1. e4 e5 2. Nf3 Nf6 3. Nc3 Bb4 4. d3 Bxc3+ 5. bxc3 Nc6 6. Be2 O-O 7. O-O d6 8. Bg5 Be6 9. h3 Kh8 10. Nh2 Qd7 11. Bxf6 gxf6 12. Bg4 Rg8 13. Bxe6 Qxe6 14. Qf3 Rg6 15. Kh1 Rag8 16. Rg1 Ne7 17. g4 d5 18. exd5 Nxd5 19. c4 Nf4 20. Rae1 f5 21. Qe3 Qc6+ 22. Qf3 Qxf3+ 23. Nxf3 Nxh3 24. Rg2 Nf4 25. Rh2 Rxg4 26. Nxe5 R4g7 27. Rh4 Ng2 28. Nf3 Nxe1 29. Nxe1 Rg1+ 30. Kh2 Rxe1 0-1

[Event "Skalica SCHAEFFLER Open 2019"]
[Site "Skalica"]
[Date "2019.08.30"]
[Round "8.1"]
[White "Vlcek, Antonin"]
[Black "Podskubka, Ondrej"]
[Result "*"]
[ECO "B34"]
[WhiteElo "1686"]
[BlackElo "1684"]
[Annotator "NA"]
[PlyCount "20"]
[EventDate "2019.08.25"]
[EventType "swiss"]
[EventCountry "SVK"]
[SourceTitle "playchess.com"]
[Source "ChessBase"]
[SourceQuality "1"]
[TimeControl "40/5400+30:1800+30"]

1. e4 c5 2. Nf3 Nc6 3. d4 cxd4 4. Nxd4 g6 5. Nc3 Bg7 6. Be3 Nf6 7. Qd2 Nxd4 8. Bxd4 d6 9. Bb5+ Bd7 10. O-O O-O *

[Event "Skalica SCHAEFFLER Open 2019"]
[Site "Skalica"]
[Date "2019.08.30"]
[Round "8.1"]
[White "Vlcek, Antonin"]
[Black "Podskubka, Ondrej"]
[Result "0-1"]
[ECO "B34"]
[WhiteElo "1686"]
[BlackElo "1712"]
[Annotator "NA RC"]
[PlyCount "48"]
[EventDate "2019.08.25"]
[EventType "swiss"]
[EventCountry "SVK"]
[TimeControl "40/5400+30:1800+30"]

1. e4 c5 2. Nf3 Nc6 3. d4 cxd4 4. Nxd4 g6 5. Nc3 Bg7 6. Be3 Nf6 7. Qd2 Nxd4 8. Bxd4 d6 9. Bb5+ Bd7 10. Bxd7+ Qxd7 11. O-O O-O 12. Rad1 Qc6 13. Rfe1 Rfe8 14. a4 b6 15. e5 dxe5 16. Bxe5 Rac8 17. Re2 Qc4 18. b3 Qh4 19. f3 Bh6 20. f4 Ng4 21. g3 Qh5 22. Nd5 Bf8 23. Bb2 Rcd8 24. Rxe7 Rxd5 0-1